 Dungeon Crawl Stone Soup version 0.28-a0-793-g31680bbd8b (webtiles) character file.

Game seed: 1376579860593040375

91 horus123 the Shooter (level 4, 0/24 HPs)
             Began as a Deep Elf Arcane Marksman on Nov 5, 2021.
             Slain by a scorpion (1 damage)
             ... on level 3 of the Dungeon.
             The game lasted 00:05:09 (2872 turns).

horus123 the Shooter (Deep Elf Arcane Marksman)     Turns: 2872, Time: 00:05:10

Health: 0/24       AC:  5    Str: 13    XL:     4   Next: 33%
Magic:  10/10      EV: 12    Int: 19    God:
Gold:   135        SH:  0    Dex: 15    Spells: 7/9 levels left

rFire   + . .      SeeInvis .   a - +0 shortbow
rCold   . . .      Faith    .   (shield currently unavailable)
rNeg    . . .      Spirit   .   e - +2 leather armour {rF+}
rPois   .          Reflect  .   (no helmet)
rElec   .          Harm     .   (no cloak)
rCorr   .          Rampage  .   (no gloves)
Will    .....                   (no boots)
Stlth   +.........              (no amulet)
HPRegen 0.08/turn               k - +6 ring of strength
MPRegen 0.12/turn               (no ring)

@: lethally poisoned (0 -> -9)
A: no striking features
a: no special abilities


You were on level 3 of the Dungeon.
You visited 1 branch of the dungeon, and saw 3 of its levels.

You collected 135 gold pieces.

Inventory:

Hand Weapons
 a - a +0 shortbow (weapon)
Missiles
 c - 11 arrows (quivered ammo)
 g - a throwing net
Armour
 d - a +1 robe
 e - a +2 leather armour of fire resistance (worn)
Jewellery
 k - a +6 ring of strength (left hand)
Wands
 b - a wand of mindburst (7)
Potions
 f - a potion of brilliance {unknown}
 h - a potion of curing {unknown}
 i - a potion of heal wounds {unknown}
 j - a potion of attraction {unknown}


   Skills:
 - Level 0.7 Fighting
 + Level 4.5 Bows
 - Level 2.4 Dodging
 - Level 3.1 Spellcasting
 - Level 4.0 Hexes
 - Level 2.2 Ice Magic


You had 7 spell levels left.
You knew the following spells:

 Your Spells              Type           Power      Damage    Failure   Level
a - Slow                  Hex            72%        N/A       3%          1
b - Freeze                Ice            44%        1d6       8%          1

Your spell library contained the following spells:

 Spells                   Type           Power      Damage    Failure   Level
 Dazzling Flash           Conj/Hex       20%        N/A       26%         3
 Inner Flame              Hex/Fire       10%        N/A       26%         3
 Portal Projectile        Hex/Tloc       20%        N/A       26%         3
 Cause Fear               Hex            9%         N/A       36%         4
 Silence                  Hex/Air        5%         N/A       93%         5
 Agony                    Necr           2%         N/A       99%         5


Dungeon Overview and Level Annotations

Branches:
Dungeon (3/15)

Altars:


Message History

You shoot an arrow.
The arrow hits the scorpion but does no damage.
The scorpion is heavily wounded.
The scorpion closely misses you.
Fire: 16 arrows
Press: ? - help, Q - select action, (/) - cycle Shift-Dir - straight line, f/p - scorpion
Aim: a scorpion (moderately wounded, 60% to hit)
You shoot an arrow. The arrow barely misses the scorpion.
The scorpion barely misses you. The orc barely misses you.
Unknown command.
Fire: 15 arrows
Press: ? - help, Q - select action, (/) - cycle Shift-Dir - straight line, f/p - scorpion
Aim: a scorpion (moderately wounded, 60% to hit)
You shoot an arrow. The arrow barely misses the scorpion.
The scorpion stings you. The orc misses you.
Unknown command.
Fire: 14 arrows
Press: ? - help, Q - select action, (/) - cycle Shift-Dir - straight line, f/p - scorpion
Aim: a scorpion (moderately wounded, 60% to hit)
You shoot an arrow.
The arrow hits the scorpion but does no damage.
The scorpion is moderately wounded.
The scorpion stings you. The orc hits you but does no damage.
Fire: 13 arrows
Press: ? - help, Q - select action, (/) - cycle Shift-Dir - straight line, f/p - scorpion
Aim: a scorpion (moderately wounded, 60% to hit)
You shoot an arrow. The arrow closely misses the scorpion.
The scorpion stings you but does no damage.
The orc hits you with a +0 war axe. The scorpion stings you!
* * * LOW HITPOINT WARNING * * *
You are lethally poisoned!
The scorpion poisons you!
Fire: 12 arrows
Press: ? - help, Q - select action, (/) - cycle Shift-Dir - straight line, f/p - scorpion
Aim: a scorpion (moderately wounded, 60% to hit)
You shoot an arrow. The arrow barely misses the scorpion.
* * * LOW HITPOINT WARNING * * *
You feel very sick. The scorpion stings you.
You die...

#..........##
#.#. #..#####.###
#.#. #..# ..#
#.#. #..# ###.###
#.#. #..# .......
#.#. #.†# .......
#.#. #..# .......
#.#.
#..###.......
#.#. ###
#....@s(.(..(
#.<# ..#
#.####o......
#..# ..#
#..........(.
#... ..#
##########.#.
#.## ..#
########### #
#... ..#
#.........# #.##
..#####.........#
#.#
.....##.........#
#.#
####.##)........#
#.####.#


You could see a scorpion and an orc.

Vanquished Creatures
  An adder (D:3)
  3 worms
  6 orcs (D:3)
  4 endoplasms
  4 giant cockroaches
  5 goblins
  6 hobgoblins
  2 jackals (D:3)
  5 kobolds
  2 quokkas (D:1)
  7 ball pythons
  12 bats
  A frilled lizard (D:1)
  4 rats
62 creatures vanquished.

Notes
Turn   | Place    | Note
-------+----------+-------------------------------------------
     0 | D:1      | horus123 the Deep Elf Arcane Marksman began the quest for
                  | the Orb.
     0 | D:1      | Reached XP level 1. HP: 11/11 MP: 5/5
    45 | D:1      | Found a faded altar of an unknown god.
    66 | D:1      | Got Plato's Volume of Cold
   193 | D:1      | Reached XP level 2. HP: 16/16 MP: 8/8
  1316 | D:1      | Reached XP level 3. HP: 20/20 MP: 9/9
  2229 | D:3      | Learned a level 1 spell: Freeze
  2251 | D:3      | Reached skill level 1 in Ice Magic
  2383 | D:3      | Reached XP level 4. HP: 24/24 MP: 10/10
  2863 | D:3      | Noticed a scorpion
  2872 | D:3      | HP: 1/24 [poisoned by a scorpion]
  2872 | D:3      | Slain by a scorpion

Illustrated notes

Levels and vault maps discovered:
D:1:      dpeg_arrival_arbitrary_b, layout_basic,
          shapermc_ecumenical_altar_rom_forum, minmay_door_square,
          patterned_corridor
D:2:      layout_basic, amcnicky_mini_pool_small
D:3:      layout_basic

Skill      XL: |  1  2  3  4 |
---------------+-------------+-----
Spellcasting   | 3 |  3.1
Bows           | 3 4 |  4.5
Ice Magic      | 1 2 |  2.2
Fighting       | |  0.7
Dodging        | |  2.4
Hexes          | |  4.0

Action                   |  1- 3 |  4- 6 || total
-------------------------+-------+-------++-------
 Fire: Shortbow          |   142 |    34 ||   176
 Cast: Slow              |     2 |       ||     2
  Use: Scroll            |     6 |     1 ||     7
Armor: Robe              |     7 |       ||     7
       Leather armour    |     3 |     3 ||     6
Dodge: Dodged            |    22 |    12 ||    34

Table legend: (Time is in decaauts)
 A = Elapsed time spent in this place.
 B = Non-inter-level travel time spent in this place.
 C = Inter-level travel time spent in this place.
 D = Time resting spent in this place.
 E = Time spent auto-exploring this place.
 F = Levels seen in this place.
 G = Mean time per level.
                   A        B        C        D        E       F      G
               +--------+--------+--------+--------+--------+-----+--------+
         Total |   2890 |   2858 |     32 |      0 |   2465 |   3 |  963.3 |
       Dungeon |   2890 |   2858 |     32 |      0 |   2465 |   3 |  963.3 |
               +--------+--------+--------+--------+--------+-----+--------+

Top non-repeatable levels by time:
     D:1: 1372 daAuts
     D:2: 817 daAuts
     D:3: 700 daAuts
